 Dungeon Crawl Stone Soup version 0.29.0-3-gbb0933ed62 (webtiles) character file.

Game seed: 6414483385472183783

701 KelbiRefugee the Skirmisher (level 7, -2/60 HPs)
             Began as a Deep Elf Hunter on Aug 25, 2022.
             Was an Initiate of Fedhas.
             Slain by a water moccasin (4 damage)
             ... on level 5 of the Dungeon.
             The game lasted 00:07:38 (4789 turns).

KelbiRefugee the Skirmisher (Deep Elf Hunter)       Turns: 4789, Time: 00:07:38

Health: -2/60      AC:  4    Str:  8    XL:     7   Next: 38%
Magic:  11/11      EV: 13    Int: 14    God:    Fedhas [......]
Gold:   250        SH:  0    Dex: 26    Spells: 4/8 levels left

rFire   . . .      SeeInvis .   a - +0 shortbow
rCold   . . .      Faith    .   (shield currently unavailable)
rNeg    . . .      Spirit   .   c - +0 leather armour
rPois   .          Reflect  .   (no helmet)
rElec   .          Harm     .   (no cloak)
rCorr   .          Rampage  .   (no gloves)
Will    .....                   k - +0 pair of boots
Stlth   ..........              (no amulet)
HPRegen 0.20/turn               f - +6 ring of dexterity
MPRegen 0.12/turn               (no ring)

@: berserking, lethally poisoned (-2 -> -21), flying, very quick
A: no striking features
a: Renounce Religion


You were on level 5 of the Dungeon.
You worshipped Fedhas.
Fedhas was noncommittal.
You visited 2 branches of the dungeon, and saw 6 of its levels.

You collected 250 gold pieces.

Inventory:

Hand Weapons
 a - a +0 shortbow (weapon)
Armour
 c - a +0 leather armour (worn)
 k - a +0 pair of boots (worn)
Jewellery
 f - a +6 ring of dexterity (left hand)
 h - an amulet of faith
Scrolls
 b - a scroll of immolation
 d - a scroll of amnesia
 e - a scroll of acquirement {unknown}
 i - a scroll of enchant weapon
 j - a scroll of teleportation
 n - a scroll of poison


   Skills:
 - Level 2.0 Fighting
 + Level 11.3 Ranged Weapons
 - Level 2.5 Dodging
 - Level 2.0 Stealth
 + Level 1.3 Spellcasting
 + Level 1.3 Hexes


You had 4 spell levels left.
You knew the following spells:

 Your Spells              Type           Power      Damage    Failure   Level
a - Cause Fear            Hex            2%         N/A       91%         4

Your spell library contained the following spells:

 Spells                   Type           Power      Damage    Failure   Level
 Inner Flame              Hex/Fire       2%         N/A       63%         3
 Frozen Ramparts          Ice            0%         1d1       73%         3
 Ice Form                 Ice/Tmut       0%         N/A       98%         4
 Summon Ice Beast         Ice/Summ       0%         N/A       98%         4
 Discord                  Hex            2%         N/A       100%        8


Dungeon Overview and Level Annotations

Branches:
Dungeon (5/15)             Temple (1/1) D:5

Altars:
Cheibriados
Dithmenos
Elyvilon
Fedhas
Gozag
Hepliaklqana
Kikubaaqudgha
Makhleb
Nemelex Xobeh
Okawaru
Qazlal
Ru
Trog
Uskayaw
Vehumet
Xom
Yredelemnul
Zin
The Shining One


Message History

You are more poisoned.
The water moccasin poisons you! The water moccasin barely misses you.
It was a potion of berserk rage.
A red film seems to cover your vision as you go berserk!
You feel yourself moving faster!
You feel mighty!
* * * LOW HITPOINT WARNING * * *
You feel extremely sick. The water moccasin closely misses you.
You are too berserk!
Unknown command.
Really attack while wielding your +0 shortbow? [Y]es or [N]o only, please.
Really attack while wielding your +0 shortbow? [Y]es or [N]o only, please.
Really attack while wielding your +0 shortbow? [Y]es or [N]o only, please.
Really attack while wielding your +0 shortbow? [Y]es or [N]o only, please.
Really attack while wielding your +0 shortbow?
Okay, then.
You are too berserk!
There is a lethal amount of poison in your body!
There is a lethal amount of poison in your body!
There is a lethal amount of poison in your body!
There is a lethal amount of poison in your body!
Okay, then.
Really attack while wielding your +0 shortbow? [Y]es or [N]o only, please.
Really attack while wielding your +0 shortbow? [Y]es or [N]o only, please.
Really attack while wielding your +0 shortbow? [Y]es or [N]o only, please.
Really attack while wielding your +0 shortbow?
You closely miss the water moccasin.
The water moccasin is almost dead.
* * * LOW HITPOINT WARNING * * *
You feel very sick. The water moccasin bites you.
You die...
Fedhas appreciates your contribution to the ecosystem.

.. .# ##.# #..
.. ... ..##.# .
..#S# #. #.#@##
##.##.#..##
..............#
..............##
.......###....#
..............#
.............##
........###.##
........###.#


You could see a water moccasin.

Vanquished Creatures
  3 ogres
  2 scorpions
  2 hounds
  A gnoll bouda (D:4)
  An orc priest (D:5)
  An iguana (D:4)
  An orc wizard (D:5)
  3 gnolls (D:4)
  5 adders
  A worm (D:2)
  3 orcs
  3 bats (D:2)
  10 endoplasms
  5 giant cockroaches
  12 goblins
  13 hobgoblins
  3 jackals (D:1)
  2 quokkas
  2 ball pythons
  2 frilled lizards (D:1)
  7 kobolds
  6 rats
88 creatures vanquished.

Vanquished Creatures (others)
  A fungus (D:3)
  2 withered plants (D:2)
3 creatures vanquished.

Grand Total: 91 creatures vanquished

Notes
Turn   | Place    | Note
-------+----------+-------------------------------------------
     0 | D:1      | KelbiRefugee the Deep Elf Hunter began the quest for the
                  | Orb.
     0 | D:1      | Reached XP level 1. HP: 12/12 MP: 3/3
   106 | D:1      | Reached XP level 2. HP: 16/16 MP: 4/4
   110 | D:1      | Reached skill level 6 in Ranged Weapons
   625 | D:1      | Reached XP level 3. HP: 21/21 MP: 5/5
  1331 | D:2      | Found a faded altar of an unknown god.
  1554 | D:3      | Reached XP level 4. HP: 26/26 MP: 6/6
  1590 | D:3      | Found a snail-covered altar of Cheibriados.
  1659 | D:3      | Reached skill level 7 in Ranged Weapons
  1902 | D:3      | Found a hide-covered altar of Uskayaw.
  3336 | D:4      | Noticed an ogre
  3341 | D:4      | Killed an ogre
  3342 | D:4      | Reached skill level 8 in Ranged Weapons
  3342 | D:4      | Reached XP level 5. HP: 30/30 MP: 7/7
  3429 | D:4      | Reached skill level 9 in Ranged Weapons
  3439 | D:4      | Reached XP level 6. HP: 15/35 MP: 8/8
  3937 | D:4      | Reached skill level 10 in Ranged Weapons
  4304 | D:5      | Entered Level 5 of the Dungeon
  4332 | D:5      | Found a staircase to the Ecumenical Temple.
  4368 | Temple   | Entered the Ecumenical Temple
  4553 | Temple   | Became a worshipper of Fedhas Madash
  4662 | D:5      | Reached XP level 7. HP: 40/40 MP: 9/9
  4668 | D:5      | Reached skill level 11 in Ranged Weapons
  4700 | D:5      | Learned a level 4 spell: Cause Fear
  4731 | D:5      | Reached skill level 1 in Spellcasting
  4731 | D:5      | Reached skill level 1 in Hexes
  4789 | D:5      | HP: 2/60 [poisoned by a water moccasin]
  4789 | D:5      | Slain by a water moccasin

Illustrated notes

Levels and vault maps discovered:
D:1:      dpeg_arrival_tiny_a, layout_loops_ring, chequers_hall_statues_wall_a,
          minmay_three_crescents
D:2:      layout_loops_ring, ebering_ecumenical_altar_petrified
D:3:      layout_loops_ring, lemuel_tele_altar, mainiacjoe_overflow_boulevard,
          hex_medium
D:4:      layout_rooms
D:5:      layout_loops_cross, minmay_temple_entry_junction
Temple:   bh_familiar_temple

Skill      XL: |  1  2  3  4  5  6  7 |
---------------+----------------------+-----
Ranged Weapons | 6 8 9 10 11 | 11.3
Stealth        | 2 |  2.0
Fighting       | 2 |  2.0
Spellcasting   | 1 |  1.3
Hexes          | 1 |  1.3
Dodging        | |  2.5

Action                   |  1- 3 |  4- 6 |  7- 9 || total
-------------------------+-------+-------+-------++-------
Melee: Shortbow          |       |       |     1 ||     1
 Fire: Shortbow          |    97 |   116 |    27 ||   240
  Use: Scroll            |       |     7 |       ||     7
       Potion            |       |     2 |     2 ||     4
Armor: Leather armour    |     7 |     3 |     3 ||    13
Dodge: Dodged            |    18 |    39 |     9 ||    66
